 Dungeon Crawl Stone Soup version 0.16-a0-3661-g910cf96 (webtiles) character file.

22 PolkaDot the Caller (level 2, -1/24 HPs)
             Began as a Draconian Summoner on Jan 17, 2015.
             Slain by a hobgoblin
             ... wielding a +0 club
              (3 damage)
             ... on level 1 of the Dungeon.
             The game lasted 00:02:19 (1278 turns).

PolkaDot the Caller (Draconian Summoner)            Turns: 1278, Time: 00:02:19

Health: -1/24      AC:  4    Str: 10    XL:     2   Next: 68%
Magic:  2/4        EV: 12    Int: 17    God:
Gold:   65         SH:  0    Dex: 11    Spells: 1 memorised, 4 levels left

rFire  + . .     SeeInvis .     (no weapon)
rCold  . . .     Clarity  .     (armour unavailable)
rNeg   . . .     SustAb   .     (no shield)
rPois  .         Gourm    .     (helmet restricted)
rElec  .         Spirit   .     (no cloak)
rCorr  .         Warding  .     (no gloves)
rMut   .         Stasis   .     (no boots)
MR     .....                    (no amulet)
Stlth  ++........               d - +2 ring of intelligence
                                g - ring of protection from fire

@: not resistant to hostile enchantments, unstealthy
A: unfitting armour, cold-blooded, AC +4
a: no special abilities


You were on level 1 of the Dungeon.
You were not hungry.

You visited 1 branch of the dungeon, and saw 1 of its levels.

You collected 65 gold pieces.

Inventory:

Jewellery
 d - a +2 ring of intelligence (right hand)
 g - a ring of protection from fire (left hand)
Scrolls
 a - a scroll of enchant weapon {unknown}
 e - a scroll of noise {unknown}
 f - a scroll of teleportation {unknown}
 h - a scroll of magic mapping {unknown}
 k - a scroll of remove curse {unknown}
Potions
 i - a potion of curing {unknown}
Books
 b - a book of Callings

   Spells                             Type                      Level
   a - Summon Small Mammal            Summoning                    1
   b - Call Imp                       Summoning                    2
   c - Call Canine Familiar           Summoning                    3
   d - Summon Guardian Golem          Hexes/Summoning              4
   e - Summon Lightning Spire         Summoning/Air                4
   f - Summon Ice Beast               Ice/Summoning                4
Comestibles
 c - 2 bread rations
 j - 2 chunks of flesh


   Skills:
 * Level 1.8 Fighting
 + Level 2.2 Dodging
 - Level 1.7 Stealth
 - Level 2.0 Spellcasting
 + Level 4.1 Summonings


You had 4 spell levels left.
You knew the following spells:

 Your Spells              Type           Power        Failure   Level  Hunger
z - Summon Small Mammal   Summ           ###.         3%          1    #......


Dungeon Overview and Level Annotations

Branches:
Dungeon (1/15)

Altars:


Innate Abilities, Weirdness & Mutations

Your plain brown scales are hard (AC +4).
Your body does not fit into most forms of armour.
Your cold-blooded metabolism reacts poorly to cold.


Message History

The giant gecko bites you.
* * * LOW HITPOINT WARNING * * *
The giant gecko closely misses you.
You hit the giant gecko.
You kill the giant gecko!
The hobgoblin hits you with a club.
* * * LOW HITPOINT WARNING * * *
Casting: Summon Small Mammal
Confirm with . or Enter, or press ? or * to list all spells.
The hobgoblin hits you with a club.
* * * LOW HITPOINT WARNING * * *
Casting: Summon Small Mammal
Confirm with . or Enter, or press ? or * to list all spells.
The hobgoblin hits you but does no damage.
Your quokka bites the hobgoblin.
Your quokka misses the hobgoblin. You hit the hobgoblin but do no damage.
The hobgoblin is severely wounded.
Your quokka closely misses the hobgoblin.
The hobgoblin hits you with a club.
You die...

........# #.≈ #######.#
##≈ #.# #.≈ #.# ### #≈≈
#.# #.. ##. #######.# #
#.# # ## ......#.###
#.##.##.# #≈
..........###$......# #≈
#####.#.#..#####@######.#
#. #..........rg........
## ######..####r.#####..
# #### ##.# #..# ### ...
..! #..# #..
###.######... .... #..#
##..........####..## ..
.........$... ....
##.#.######.. #..#
..#####


You could see a hobgoblin and 2 friendly quokkas.

Vanquished Creatures
  A giant gecko (D:1)
  A ball python (D:1)
  4 hobgoblins (D:1)
  3 kobolds (D:1)
  4 bats (D:1)
  A giant cockroach (D:1)
  A giant newt (D:1)
  4 goblins (D:1)
  2 rats (D:1)
21 creatures vanquished.

Notes
Turn   | Place    | Note
--------------------------------------------------------------
     0 | D:1      | PolkaDot, the Draconian Summoner, began the quest for the Orb.
     0 | D:1      | Reached XP level 1. HP: 14/14 MP: 3/3
   431 | D:1      | Reached XP level 2. HP: 11/22 MP: 4/4
   770 | D:1      | Reached skill level 1 in Fighting
  1278 | D:1      | Slain by a hobgoblin

Action                   || total
-------------------------++-------
Melee: Unarmed           ||   157
 Cast: Summon Small Mamm ||     5
  Eat: Chunk             ||     1
